 Seeded DCSS version 0.29-a0-520-gc852659d43 (webtiles) character file.

Game seed: 17428681369516740799 (custom seed)

3 hquester1 the Shield-Bearer (level 1, 22/22 HPs)
             Began as a Troll Fighter on May 31, 2022.
             Quit the game on level 1 of the Dungeon.
             The game lasted 00:00:52 (65 turns).

hquester1 the Shield-Bearer (Troll Fighter)           Turns: 65, Time: 00:00:53

Health: 22/22      AC:  4    Str: 23    XL:     1   Next: 41%
Magic:  0/0        EV:  8    Int:  4    God:
Gold:   0          SH:  7    Dex:  9    Spells: 0/0 levels left

rFire   . . .      SeeInvis .   a - +0 flail
rCold   . . .      Faith    .   c - +0 kite shield
rNeg    . . .      Spirit   .   b - +0 robe
rPois   .          Reflect  .   (helmet restricted)
rElec   .          Harm     .   (no cloak)
rCorr   .          Rampage  .   (gloves unavailable)
Will    .....                   (boots unavailable)
Stlth   +.........              (no amulet)
HPRegen 0.87/turn               (no ring)
MPRegen 0.07/turn               (no ring)

@: no status effects
A: large, unfitting armour, claws 3, regeneration 1, shaggy fur 1, tough skin 1
a: no special abilities


You were on level 1 of the Dungeon.
You visited 1 branch of the dungeon, and saw 1 of its levels.

Inventory:

Hand Weapons
 a - a +0 flail (weapon)
Armour
 b - a +0 robe (worn)
 c - a +0 kite shield (worn)
Potions
 d - a potion of might
 e - a potion of curing {unknown}


   Skills:
 + Level 2.4 Fighting
 + Level 1.8 Maces & Flails
 + Level 2.4 Dodging
 + Level 2.7 Shields


You couldn't memorise any spells.
You didn't know any spells.
Your spell library was empty.

Dungeon Overview and Level Annotations

Branches:
Dungeon (1/15)

Altars:

Shops:
D:1 =


Innate Abilities, Weirdness & Mutations

You are too large for most types of armour.
You have claws for hands.
Your natural rate of healing is unusually fast.
You are covered in fur. (AC +1)
You have tough skin. (AC +1)


Message History

Found a stone staircase leading down.
A frilled lizard comes into view.
You see here a glowing dark potion.
The frilled lizard barely misses you.
You closely miss the frilled lizard.
The frilled lizard bites you but does no damage.
You closely miss the frilled lizard. You block the frilled lizard's attack.
The frilled lizard barely misses you.
You miss the frilled lizard. You block the frilled lizard's attack.
You closely miss the frilled lizard. You block the frilled lizard's attack.
The frilled lizard bites you but does no damage.
You miss the frilled lizard. The frilled lizard barely misses you.
You closely miss the frilled lizard.
The frilled lizard bites you but does no damage.
The frilled lizard bites you.
You hit the frilled lizard.
The frilled lizard is heavily wounded.
The frilled lizard bites you.
You thump the frilled lizard!
You kill the frilled lizard!
You see here a frilled lizard corpse.
You see here a frilled lizard corpse.
e - a glowing dark potion A bat comes into view.
You see here 16 gold pieces.
A bat is nearby!
A rat comes into view.
Found 17 gold pieces.
The bat hits you. x2
You hit the bat.
You kill the bat!
Found 7 gold pieces.
Found a book of Armaments.
You sock the rat!
You kill the rat!
You see here a rat corpse.
Found Plog's Jewellery Shop.
An endoplasm comes into view.
You see here a book of Armaments.
Are you sure you want to abandon this character and quit the game? (Confirm with "yes".)

#.........†.
.#.........##
.............#
..#...........
.....##.......# ####
#..## #...##.## #... .>
#..$...#
#..#########...####
#.@........†.....#
#..∩..#.....#####.##...$
.#..J#..$....# ..# ..#.
..#.#........# #.## #..
...#.........# .. .# ##
##.#......#.#. #
#........# ## ###......#


You could see an endoplasm (asleep).

Vanquished Creatures
  A bat (D:1)
  A ball python (D:1)
  A frilled lizard (D:1)
  A rat (D:1)
4 creatures vanquished.

Notes
Turn   | Place    | Note
-------+----------+-------------------------------------------
     0 | D:1      | hquester1 the Troll Fighter began the quest for the Orb.
     0 | D:1      | Reached XP level 1. HP: 22/22 MP: 0/0
    61 | D:1      | Found Plog's Jewellery Shop.
    65 | D:1      | Quit the game

Illustrated notes

Levels and vault maps discovered:
D:1:      minmay_arrival_four_houses, layout_basic,
          ebering_ecumenical_altar_box, serial_shops, nicolae_diamond_shop

Action                   || total
-------------------------++-------
Melee: Flail             ||    11
Armor: Robe              ||     3
Dodge: Dodged            ||     3
Block: Kite shield       ||     3

Table legend: (Time is in decaauts)
 A = Elapsed time spent in this place.
 B = Non-inter-level travel time spent in this place.
 C = Inter-level travel time spent in this place.
 D = Time resting spent in this place.
 E = Time spent auto-exploring this place.
 F = Levels seen in this place.
 G = Mean time per level.
                   A        B        C        D        E       F      G
               +--------+--------+--------+--------+--------+-----+--------+
         Total |     69 |     69 |      0 |      0 |     26 |   1 |   69.0 |
       Dungeon |     69 |     69 |      0 |      0 |     26 |   1 |   69.0 |
               +--------+--------+--------+--------+--------+-----+--------+

Top non-repeatable levels by time:
     D:1: 69 daAuts
